 Dungeon Crawl Stone Soup version 0.18.1-50-g88ac8fd (webtiles) character file.

72 Franakus the Conjurer (level 4, -1/24 HPs)
             Began as a Deep Elf Conjurer on Oct 30, 2016.
             Slain by an orc
             ... wielding a +0 flail
              (6 damage)
             ... on level 4 of the Dungeon.
             The game lasted 00:04:55 (466 turns).

Franakus the Conjurer (Deep Elf Conjurer)            Turns: 466, Time: 00:04:56

Health: -1/24      AC:  2    Str:  6    XL:     4   Next: 6%
Magic:  0/11       EV: 13    Int: 25    God:
Gold:   55         SH:  0    Dex: 15    Spells: 2 memorised, 7 levels left

rFire  . . .     SeeInvis .     g - +0 dagger
rCold  . . .     Gourm    .     a - +0 robe
rNeg   . . .     Faith    .     (no shield)
rPois  .         Spirit   .     (no helmet)
rElec  .         Dismiss  .     (no cloak)
rCorr  .         Reflect  .     (no gloves)
SustAt .         Harm     .     (no boots)
MR     .....                    (no amulet)
Stlth  ++........               (no ring)
                                (no ring)

@: brilliant, not resistant to hostile enchantments, unstealthy
A: no striking features
a: no special abilities


You were on level 4 of the Dungeon.
You were not hungry.

You visited 1 branch of the dungeon, and saw 4 of its levels.

You collected 55 gold pieces.

Inventory:

Hand Weapons
 g - a +0 dagger (weapon)
Armour
 a - a +0 robe (worn)
Scrolls
 j - a scroll of identify {unknown}
 l - a scroll of teleportation {unknown}
Potions
 i - a potion of brilliance
 k - a potion of resistance {unknown}
Books
 b - a book of Conjurations

   Spells                             Type                      Level
   a - Magic Dart                     Conjuration                  1
   b - Searing Ray                    Conjuration                  2
   c - Dazzling Spray                 Conjuration/Hexes            3
   d - Fulminant Prism                Conjuration/Hexes            4
   e - Iskenderun's Mystic Blast      Conjuration                  4
   f - Iskenderun's Battlesphere      Conjuration/Charms           5
Comestibles
 c - a bread ration
 d - 2 royal jellies


   Skills:
 + Level 2.9 Dodging
 + Level 3.0 Stealth
 + Level 3.7 Spellcasting
 + Level 5.4 Conjurations


You had 7 spell levels left.
You knew the following spells:

 Your Spells              Type           Power        Failure   Level  Hunger
a - Magic Dart            Conj           ####         1%          1    None
b - Searing Ray           Conj           #####.       1%          2    #......


Dungeon Overview and Level Annotations

Branches:
Dungeon (4/15)             Temple (0/1) D:4

Altars:
Elyvilon


Message History

Drink which item? (? for menu, Esc to quit)
You feel better. The hound bites you. The orc hits you with a flail.
* * * LOW HITPOINT WARNING * * *
Drink which item? (? for menu, Esc to quit)
It was a potion of brilliance.
You feel clever all of a sudden. The hound barely misses you.
The orc closely misses you. The hound barely misses you.
Casting: Searing Ray
Confirm with . or Enter, or press ? or * to list all spells.
Aiming: Magic Dart
Press: ? - help, Shift-Dir - straight line, f/p - hound
Aim: a hound (severely wounded)
The magic dart hits the hound.
You kill the hound!
Your Stealth skill increases to level 3!
You have reached level 4!
You feel clever. The orc hits you with a flail.
You die...

........# *,* *,* #..###.##
*,* *,* .....$.# *,** *,*
.......# *,,* *,* .#.#.#.#
**,* *,* .......# *,* *,*
.....#.## *,* *,* ........##
###########.# *,*
.>...#$ha###....@o.....# *,*
.......##[#.#.##########****,*
..$..#.###.###..,,,,,,,,,,,,,*
.......##.#.#,###,************
.#.#.#....,...,,,<*
..o......#*..##*,,*
...#.#.#.,,...**,,*
,**#,###.**#.##*,,* ** *,*
#,,,,..,,,,*


You could see an orc.

Vanquished Creatures
  A hound (D:4)
  A worker ant (D:4)
  An adder skeleton (D:4)
  A ball python (D:3)
  2 bats (D:1)
  A giant cockroach (D:1)
  4 goblins
  2 hobgoblins
  2 kobolds
  2 rats (D:1)
17 creatures vanquished.

Notes
Turn   | Place    | Note
--------------------------------------------------------------
     0 | D:1      | Franakus the Deep Elf Conjurer began the quest for the Orb.
     0 | D:1      | Reached XP level 1. HP: 10/10 MP: 6/6
   163 | D:1      | Reached XP level 2. HP: 15/15 MP: 4/8
   169 | D:1      | Learned a level 2 spell: Searing Ray
   341 | D:2      | Found a white marble altar of Elyvilon.
   410 | D:4      | Noticed a phantom
   439 | D:4      | Found a staircase to the Ecumenical Temple.
   460 | D:4      | Reached skill level 5 in Conjurations
   460 | D:4      | Reached XP level 3. HP: 5/19 MP: 1/10
   466 | D:4      | Reached XP level 4. HP: 5/24 MP: 0/11
   466 | D:4      | Slain by an orc

Skill      XL: |  1  2  3 |
---------------+----------+-----
Conjurations   | 5 |  5.4
Stealth        | 3 |  3.0
Dodging        | |  2.9
Spellcasting   | |  3.7

Action                   |  1- 3 |  4- 6 || total
-------------------------+-------+-------++-------
Melee: Dagger            |     9 |       ||     9
 Cast: Magic Dart        |    24 |     1 ||    25
       Searing Ray       |     2 |       ||     2
  Use: Scroll            |     2 |       ||     2
       Potion            |     3 |       ||     3
 Stab: Sleeping          |     1 |       ||     1
Armor: Robe              |     4 |       ||     4
Dodge: Dodged            |    11 |       ||    11
